 Dungeon Crawl Stone Soup version 0.27.0-1-g7a089689b8 (webtiles) character file.

Game seed: 12149772797072284152

4858 Brandom the Cleaver (level 10, -11/70 HPs)
             Began as a Minotaur Chaos Knight on Aug 1, 2021.
             Was a Plaything of Xom.
             Mangled by a two-headed ogre (29 damage)
             ... on level 8 of the Dungeon.
             The game lasted 00:28:59 (9547 turns).

Brandom the Cleaver (Minotaur Chaos Knight)         Turns: 9547, Time: 00:29:00

Health: -11/70     AC: 10    Str: 21    XL:     10   Next: 25%
Magic:  0/18       EV: 14    Int: 10    God:    Xom [.*....]
Gold:   302        SH: 10    Dex: 14    Spells: 9/9 levels left

rFire    . . .     SeeInvis .   a - +1 hand axe (drain)
rCold    + . .     Faith    .   A - +0 kite shield
rNeg     . . .     Spirit   +   s - +0 steam dragon scales
rPois    .         Reflect  .   w - +1 hat
rElec    .         Harm     .   (no cloak)
rCorr    .         Rampage  .   M - +1 pair of gloves {Dex+3}
Will     +....                  (no boots)
Stlth    +.........             y - amulet of guardian spirit
HPRegen  0.21/turn              k - ring of magical power
MPRegen  0.16/turn              E - ring of the Octopus King {rC+ AC+1 EV+1 Str+1 Int+1 Dex+1}

@: unable to read
A: horns 2, retaliatory headbutt, claws 1, hooves 1, frail 2, strong-willed 1,
inability to read while threatened, MP-powered wands
a: Renounce Religion


You were on level 8 of the Dungeon.
You worshipped Xom.
You were a plaything of Xom.
You visited 1 branch of the dungeon, and saw 9 of its levels.
You also visited: Sewer and Ossuary.

You collected 500 gold pieces.
You spent 198 gold pieces at shops.

Inventory:

Hand Weapons
 a - a +1 hand axe of draining (weapon)
 T - a +0 war axe
   (You took it off an orc on level 8 of the Dungeon)
Missiles
 j - 3 javelins
 n - 19 boomerangs
 q - 40 poisoned darts
 u - 2 throwing nets {!f}
 K - a curare-tipped dart (quivered) {!f}
Armour
 b - a +2 leather armour
 f - a +0 ring mail
   (You found it on level 1 of the Dungeon)
 h - a +0 pair of gloves
   (You found it on level 1 of the Dungeon)
 p - a +0 chain mail
   (You found it on level 3 of the Dungeon)
 s - +0 steam dragon scales (worn)
   (You found it on level 4 of the Dungeon)
 v - a +1 chain mail of poison resistance
   (You took it off a goblin on level 4 of the Dungeon)
 w - a +1 hat (worn)
   (You found it on level 4 of the Dungeon)
 A - a +0 kite shield (worn)
   (You found it on level 5 of the Dungeon)
 L - the +2 leather armour of Sin {Harm rC- Will++ Stlth+}
   (You found it on level 6 of the Dungeon)

   rC:        It makes you vulnerable to cold.
   Harm:      It increases damage dealt and taken.
   Will:      It greatly increases your willpower.
   Stlth:     It makes you more stealthy.
 M - a +1 pair of gloves of dexterity (worn)
   (You bought it in a shop on level 6 of the Dungeon)
Jewellery
 k - a ring of magical power (left hand)
   (You found it on level 2 of the Dungeon)
 y - an amulet of guardian spirit (around neck)
   (You found it on level 4 of the Dungeon)
 E - a ring of the Octopus King (right hand) {rC+ AC+1 EV+1 Str+1 Int+1 Dex+1}
   (You found it on level 6 of the Dungeon)

   [ring of protection from cold]

   AC:        It affects your AC (+1).
   EV:        It affects your evasion (+1).
   Str:       It affects your strength (+1).
   Int:       It affects your intelligence (+1).
   Dex:       It affects your dexterity (+1).
   rC:        It protects you from cold.
 N - an amulet of the acrobat
   (You found it on level 7 of the Dungeon)
Wands
 m - a wand of polymorph (18)
   (You found it on level 3 of the Dungeon)
 S - a wand of charming (6)
   (You found it on level 8 of the Dungeon)
Scrolls
 c - 2 scrolls of brand weapon
 d - a scroll of fog {unknown}
 l - 2 scrolls of enchant weapon
 z - a scroll of acquirement {unknown}
 D - 6 scrolls of teleportation {@r4}
 H - a scroll of fear {unknown}
 I - 2 scrolls of immolation {!r}
 P - 2 scrolls of enchant armour {unknown}
 Q - a scroll of amnesia {unknown}
 R - a scroll of magic mapping {unknown}
Potions
 e - 4 potions of degeneration {!q}
 g - 3 potions of curing {@q1}
 i - 7 potions of heal wounds {@q2}
 o - 3 potions of attraction {!q}
 r - 4 potions of mutation {unknown}
 t - 2 potions of brilliance {unknown}
 x - 3 potions of haste {@q3}
 B - 5 potions of might {unknown}
 C - 2 potions of lignification {unknown}
 F - a potion of invisibility {unknown}
 G - 2 potions of magic {unknown}
 J - 2 potions of cancellation {unknown}
 O - a potion of ambrosia {unknown}


   Skills:
 + Level 7.9 Fighting
 * Level 10.5 Axes
 + Level 5.4 Throwing
 + Level 7.3 Armour
 + Level 6.4 Dodging
 + Level 5.2 Shields
 - Level 2.0 Evocations


You had 9 spell levels left.
You didn't know any spells.
Your spell library contained the following spells:

 Spells                   Type           Power      Damage    Failure   Level
 Beastly Appendage        Tmut           0%         N/A       80%         1
 Freeze                   Ice            0%         1d3       80%         1
 Wereblood                Tmut           0%         N/A       90%         2
 Frozen Ramparts          Ice            0%         1d2       99%         3
 Ozocubu's Armour         Ice            0%         N/A       99%         3
 Spider Form              Tmut/Pois      0%         N/A       99%         3
 Hailstorm                Conj/Ice       0%         3d3       100%        4
 Summon Ice Beast         Ice/Summ       0%         N/A       100%        4
 Metabolic Englaciation   Hex/Ice        0%         N/A       100%        5
 Summon Mana Viper        Hex/Summ       0%         N/A       100%        5
 Simulacrum               Ice/Necr       0%         N/A       100%        6
 Monstrous Menagerie      Summ           0%         N/A       100%        7


Dungeon Overview and Level Annotations

Branches:
Dungeon (9/15)             Temple (0/1) D:6           Sewer (visited)
Ossuary (visited)
   Lair: D:8-11         Orc: D:9-12

Altars:
Elyvilon
Kikubaaqudgha
Wu Jian

Shops:
D:1 (   D:6 [   D:7 (*


Innate Abilities, Weirdness & Mutations

You have a pair of horns on your head.
You reflexively headbutt those who attack you in melee.
You have sharp fingernails.
You have large cloven feet.
You are very frail. (-20% HP)
You are strong-willed. (Will+)
You sometimes lose the ability to read scrolls when taking damage.
You expend magic power (3 MP) to strengthen your wands.


Message History

You headbutt the scorpion! "Have a taste of chaos, mortal."
The two-headed ogre's +0 giant spiked club erupts in a glittering mayhem of colour.
The two-headed ogre hits you with a +4 giant spiked club of chaos!!
* * * LOW HITPOINT WARNING * * *
The two-headed ogre hits you with a +0 giant club!
* * * LOW HITPOINT WARNING * * *
Okay, then.
The scorpion stings you.
* * * LOW HITPOINT WARNING * * *
Aim: a scorpion (almost dead, will become a bullfrog, a centaur, or a wolf, chance to affect: 58%)
You feel a surge of power!
The scorpion resists with significant effort.
The scorpion stings you but does no damage.
The yak snorts and paws the ground.
You hit the scorpion.
You kill the scorpion! "Serve the mortal, my children!"
The two-headed ogre misses your quasit.
The two-headed ogre closely misses your quasit.
There's something in the way.
You swap places.
You swap places.
The two-headed ogre barely misses your quasit.
The two-headed ogre closely misses your quasit.
You swap places.
The two-headed ogre misses your quasit.
The two-headed ogre hits your quasit with a +0 giant club!
Your iron imp hits the two-headed ogre!
You swap places.
Your quasit bites the two-headed ogre but does no damage.
Your quasit claws the two-headed ogre. x2
The two-headed ogre hits your quasit with a +4 giant spiked club of chaos!
Your quasit dies!
Your iron imp hits the two-headed ogre.
Your shadow imp closely misses the two-headed ogre.
Your shadow imp hits the two-headed ogre.
Your iron imp hits the two-headed ogre.
You hit the two-headed ogre. You drain the two-headed ogre.
The two-headed ogre hits you with a +4 giant spiked club of chaos.
* * * LOW HITPOINT WARNING * * *
The two-headed ogre burns you.
* * * LOW HITPOINT WARNING * * *
The two-headed ogre completely misses you.
Your shadow imp hits the two-headed ogre.
You barely miss the two-headed ogre. You kick the two-headed ogre.
You headbutt the two-headed ogre, but do no damage.
Your iron imp hits the two-headed ogre.
The two-headed ogre hits you with a +4 giant spiked club of chaos!!
You die...
Xom is highly amused!

#.....>.....##'# ###..#.##.#.#..#
##.......#..... #........#.....
##############...#.......(.<
#........#...Y...#.#.##.###.
#####........#Y###)...(>......#.
#.......#..#.#O###.......##.#.#(
#.###........55@555..#.####.....
#.# #...##.#.#.#####...# #.....
#.# #......#.#.# #.### ##...# #.#
##.......#.# #.# #...# #.#
#########.# #.# #...#
##.####.......#.#####.## #...#
......#.......#........######...#
.##.#.#.......###................
.##.#)#..............>.........^.


You could see a two-headed ogre (drained, ally target), a yak, a friendly iron
imp (summoned), a friendly quasit (summoned), a friendly white imp (summoned), a
friendly shadow imp (summoned) and a friendly ufetubus (summoned).

Vanquished Creatures
  Joseph (D:7)
  A wyvern (D:8)
  4 steam dragons
  A water moccasin (D:7)
  Duvessa (D:4)
  A sky beast (D:6)
  An orc warrior (D:8)
  A black bear (D:5)
  2 ice beasts
  2 ogres
  2 centaurs (D:8)
  A necrophage (D:6)
  2 elf zombies (Ossuary)
  3 bullfrogs
  A gnoll sergeant (D:7)
  A wyvern zombie (D:7)
  2 kobold brigands
  6 scorpions
  A wyvern skeleton (D:5)
  Dowan (D:4)
  4 killer bees (D:8)
  A wight (D:8)
  3 howler monkeys
  3 centaur zombies
  3 hounds
  4 orc priests
  5 jellies
  2 centaur skeletons
  2 human zombies (Ossuary)
  A bullfrog skeleton (D:4)
  3 orc wizards
  4 iguanas
  A scorpion zombie (D:5)
  2 killer bee zombies
  4 hound zombies (Ossuary)
  3 mummies (Ossuary)
  11 gnolls
  A howler monkey skeleton (D:4)
  11 adders
  7 river rats (Sewer)
  A shadow imp (D:6)
  2 white imps
  An ufetubus (D:6)
  2 adder zombies (Ossuary)
  6 worms (D:2)
  26 orcs
  13 ball pythons
  10 endoplasms
  5 giant cockroaches
  A gnoll zombie (Ossuary)
  2 goblins
  4 hobgoblins
  9 jackals
  33 kobolds
  3 quokkas
  2 bats
  4 frilled lizards
  4 goblin zombies (Ossuary)
  5 hobgoblin zombies (Ossuary)
  3 jackal zombies (Ossuary)
  5 kobold zombies (Ossuary)
  2 quokka zombies (Ossuary)
  21 rats
  2 rat zombies (Ossuary)
276 creatures vanquished.

Vanquished Creatures (collateral kills)
  A bullfrog skeleton (D:5)
1 creature vanquished.

Vanquished Creatures (others)
  4 fungi (D:9)
  6 plants
  A withered plant (D:2)
11 creatures vanquished.

Grand Total: 288 creatures vanquished

Notes
Turn   | Place    | Note
-------+----------+-------------------------------------------
     0 | D:1      | Brandom the Minotaur Chaos Knight began the quest for the
                  | Orb.
     0 | D:1      | Reached XP level 1. HP: 19/19 MP: 0/0
     2 | D:1      | Noticed a spriggan
     2 | D:1      | Noticed a naga
     4 | D:1      | Noticed a barachi
     4 | D:1      | Noticed a vampire
     6 | D:1      | Noticed a draconian
     6 | D:1      | Noticed an elf
     8 | D:1      | Noticed a troll
    10 | D:1      | Noticed a gargoyle
    10 | D:1      | Noticed a vine stalker
    12 | D:1      | Noticed a minotaur
    12 | D:1      | Noticed a dwarf
    14 | D:1      | Noticed an ogre
    16 | D:1      | Noticed a palentonga
    16 | D:1      | Noticed a felid
    18 | D:1      | Noticed a tengu
    18 | D:1      | Noticed a ghoul
    20 | D:1      | Noticed a formicid
    20 | D:1      | Noticed a human
    22 | D:1      | Noticed a djinni
    22 | D:1      | Noticed an octopode
    24 | D:1      | Noticed a demonspawn
    24 | D:1      | Noticed a merfolk
    26 | D:1      | Noticed a demigod
    72 | D:1      | XOM: divination: detect items
   323 | D:1      | Reached XP level 2. HP: 27/27 MP: 1/1
   328 | D:1      | XOM: divination: detect items
   337 | D:1      | Reached skill level 4 in Axes
   382 | D:1      | Found Rylypugo's Antique Weapon Shoppe.
   637 | D:1      | XOM: silly message
   662 | D:2      | XOM: enchant monster (bad)
   673 | D:2      | XOM: smoke on damage
   718 | D:2      | Reached XP level 3. HP: 28/33 MP: 2/2
   814 | D:2      | XOM: swap monsters
   945 | D:2      | Found a faded altar of an unknown god.
   997 | D:2      | XOM: smoke on damage
  1000 | D:2      | Reached XP level 4. HP: 33/40 MP: 3/3
  1605 | D:3      | Reached skill level 5 in Axes
  1610 | D:3      | Reached skill level 1 in Throwing
  1619 | D:3      | Reached XP level 5. HP: 33/47 MP: 4/4
  1692 | D:3      | XOM: divination: magic mapping
  1736 | D:3      | XOM: noise
  1972 | D:3      | XOM: god gift: pink potion {god gift}
  2424 | D:4      | Found a white marble altar of Elyvilon.
  2438 | D:4      | Noticed a steam dragon
  2438 | D:4      | XOM: butterfly on damage
  2824 | D:4      | Noticed Dowan
  2825 | D:4      | Noticed Duvessa
  2830 | D:4      | XOM: potion effect (curing)
  2845 | D:4      | Killed Duvessa
  2846 | D:4      | Reached skill level 6 in Axes
  2846 | D:4      | Reached XP level 6. HP: 28/55 MP: 5/5
  2848 | D:4      | Killed Dowan
  3038 | D:4      | XOM: god gift: 20 arrows
  3045 | D:4      | XOM: 1-stop teleportation journey
  3080 | D:4      | Killed a steam dragon
  3081 | D:4      | Reached skill level 5 in Fighting
  3081 | D:4      | Reached XP level 7. HP: 35/61 MP: 6/6
  3767 | D:4      | XOM: swap monsters
  3769 | D:4      | Reached skill level 1 in Evocations
  3851 | D:4      | Found an ornate altar of the Wu Jian Council.
  3957 | D:4      | XOM: silly message
  4090 | D:5      | Entered Level 5 of the Dungeon
  4105 | D:5      | Reached skill level 7 in Axes
  4242 | D:5      | Found an ancient bone altar of Kikubaaqudgha.
  4335 | D:5      | XOM: 1-stop teleportation journey
  4336 | D:5      | XOM: give mutations
  4336 | D:5      | Gained mutation: Your body sometimes deteriorates upon
                  | taking damage. [Xom's mischief]
  4336 | D:5      | Gained mutation: You are weak. (Str -2) [Xom's mischief]
  4336 | D:5      | Gained mutation: You expend magic power (3 MP) to
                  | strengthen your wands. [Xom's mischief]
  4336 | D:5      | Gained mutation: Armour fits poorly on your strangely
                  | shaped body. [Xom's mischief]
  4357 | D:5      | Reached skill level 1 in Shields
  4357 | D:5      | Reached XP level 8. HP: 61/70 MP: 7/7
  4421 | D:5      | XOM: summons friendly crimson imp
  4423 | D:5      | Reached skill level 5 in Armour
  4584 | D:5      | XOM: silly message
  4663 | D:5      | XOM: silly message
  4668 | D:5      | XOM: silly message
  4858 | D:5      | XOM: god gift: runed dagger {god gift}
  4985 | D:5      | XOM: potion effect (berserk rage)
  4991 | D:5      | XOM: god gift: 52 gold pieces
  5173 | D:6      | Reached skill level 8 in Axes
  5175 | D:6      | XOM: 1-stop teleportation journey
  5251 | D:6      | Found a staircase to the Ecumenical Temple.
  5320 | D:6      | Found the ring of the Octopus King
  5325 | D:6      | Identified a ring of the Octopus King {rC+ AC+1 EV+1 Str+1
                  | Int+1 Dex+1}
  5396 | D:6      | XOM: give mutations
  5396 | D:6      | Gained mutation: You have sharp toenails. [Xom's grace]
  5396 | D:6      | Gained mutation: Your flesh is cold resistant. (rC+) [Xom's
                  | grace]
  5396 | D:6      | Lost mutation: You are weak. (Str -2) [Xom's grace]
  5414 | D:6      | Found a glowing drain.
  5442 | Sewer    | Entered a sewer
  5667 | Sewer    | XOM: 2-stop teleportation journey
  5758 | Sewer    | XOM: scenery: summon butterflies
  5985 | D:6      | XOM: 2-stop teleportation journey
  6034 | D:6      | XOM: cloud trail
  6069 | D:6      | XOM: polymorph kobold -> quokka
  6234 | D:6      | Identified the +2 leather armour of Sin {Harm rC- Will++
                  | Stlth+}
  6243 | D:6      | Reached skill level 5 in Dodging
  6279 | D:6      | Reached XP level 9. HP: 78/78 MP: 8/8
  6345 | D:6      | Found Xutt's Armour Shop.
  6353 | D:6      | Bought a +1 pair of gloves of dexterity for 198 gold pieces
  6479 | D:6      | XOM: give mutations
  6479 | D:6      | Gained mutation: You are frail. (-10% HP) [Xom's mischief]
  6479 | D:6      | Lost mutation: You have sharp toenails. [Xom's mischief]
  6670 | D:6      | XOM: give mutations
  6670 | D:6      | Lost mutation: Your flesh is cold resistant. (rC+) [Xom's
                  | mischief]
  6670 | D:6      | Gained mutation: You sometimes lose the ability to read
                  | scrolls when taking damage. [Xom's mischief]
  6670 | D:6      | Lost mutation: Your body sometimes deteriorates upon taking
                  | damage. [Xom's mischief]
  6670 | D:6      | Gained mutation: You are very frail. (-20% HP) [Xom's
                  | mischief]
  6742 | D:7      | Reached skill level 9 in Axes
  6754 | D:7      | Found a sand-covered staircase.
  6766 | Ossuary  | Entered an ossuary
  6860 | Ossuary  | XOM: 4-stop teleportation journey
  7239 | D:7      | XOM is BORED!
  7239 | D:7      | XOM: confusion (+ monsters)
  7248 | D:7      | XOM: blink monster(s)
  7261 | D:7      | XOM: confuse monster(s)
  7439 | D:7      | Found Cecoasoi's Assorted Antiques.
  7452 | D:7      | Noticed Joseph
  7452 | D:7      | XOM: summons friendly iron imp
  7471 | D:7      | Killed Joseph
  7572 | D:7      | XOM: give mutations
  7572 | D:7      | Gained mutation: You have sharp fingernails. [Xom's grace]
  7572 | D:7      | Gained mutation: You are strong-willed. (Will+) [Xom's
                  | grace]
  7572 | D:7      | Gained mutation: You possess an exceptional clarity of
                  | mind. [Xom's grace]
  7631 | D:7      | Found Jobot's Hydra Hut.
  7636 | D:7      | Noticed a five-headed hydra
  7763 | D:7      | Reached skill level 5 in Throwing
  7805 | D:7      | XOM: draining
  8018 | D:8      | XOM: cleaving
  8025 | D:8      | Reached skill level 10 in Axes
  8312 | D:8      | XOM: polymorph orc -> kobold
  8313 | D:8      | Reached XP level 10. HP: 54/67 MP: 9/9
  8482 | D:8      | Reached skill level 5 in Shields
  8763 | D:8      | XOM is BORED!
  8763 | D:8      | XOM: give mutations
  8763 | D:8      | Lost mutation: Armour fits poorly on your strangely shaped
                  | body. [Xom's mischief]
  8763 | D:8      | Gained mutation: You have large cloven feet. [Xom's
                  | mischief]
  8763 | D:8      | Lost mutation: You possess an exceptional clarity of mind.
                  | [Xom's mischief]
  8893 | D:8      | XOM: smoke on damage
  9099 | D:8      | XOM: confuse monster(s)
  9266 | D:9      | Noticed a two-headed ogre
  9268 | D:9      | XOM: scenery: summon butterflies
  9295 | D:8      | XOM: confusion (+ monsters)
  9530 | D:8      | XOM: chaos upgrade
  9540 | D:8      | XOM: summons 6 friendly demons
  9547 | D:8      | Mangled by a two-headed ogre

Illustrated notes

Levels and vault maps discovered:
D:1:      kb_arrival_jail, layout_basic, serial_shops, shop
D:2:      minmay_spotlight, layout_rooms, ebering_ecumenical_altar_petrified
D:3:      layout_loops_ring, corexii_shack, grunt_decor_mini_mirrors,
          hangedman_glass_teeth, kennysheep_generic_room_8
D:4:      layout_cave_pods, elyvilon_altar_1,
          nicolae_wu_jian_immortal_techniques, minmay_small_thing, uniq_duvessa
D:5:      layout_loops_ring, lemuel_crystal_altar, kennysheep_decorative_pillar
D:6:      layout_basic, minmay_temple_entry_sparse_star, serial_shops, shop,
          gup_sewer_entry_glass, minmay_fractal_squares_gapless_5
D:7:      layout_basic, nicolae_ossuary_entry_ruins, serial_shops,
          nicolae_take_the_stairs, dk_noncrumbling_3, minmay_misc_feat_encased,
          doesnt_shop_hydraphobe, uniq_joseph
D:8:      layout_loops_cross, minivault_21, kennysheep_small_circle
D:9:      layout_small_grid, minmay_lair_entry_grove

Skill      XL: |  1  2  3  4  5  6  7  8  9 10 |
---------------+-------------------------------+-----
Axes           | 4 5 6 7 8 10 | 10.5
Fighting       | 4 5 6 7 |  7.9
Armour         | 3 4 5 7 |  7.3
Dodging        | 2 3 4 5 6 |  6.4
Throwing       | 1 2 3 4 5 |  5.4
Evocations     | 1 2 |  2.0
Shields        | 1 3 4 5 |  5.2

Action                   |  1- 3 |  4- 6 |  7- 9 | 10-12 || total
-------------------------+-------+-------+-------+-------++-------
Melee: Hand axe          |    63 |   100 |   495 |    84 ||   742
       Headbutt          |    10 |    16 |   106 |    16 ||   148
       Kick              |       |       |    24 |    12 ||    36
Throw: Dart              |       |     6 |     7 |     1 ||    14
       Javelin           |       |       |     1 |       ||     1
Evoke: Wand              |       |     5 |     5 |     1 ||    11
  Use: Scroll            |       |     3 |     5 |     1 ||     9
       Potion            |       |       |       |     2 ||     2
 Stab: Paralysed         |       |    11 |    11 |       ||    22
       Sleeping          |       |       |     1 |     1 ||     2
       Confused          |       |       |       |     1 ||     1
Armor: Leather armour    |    27 |    26 |       |       ||    53
       Chain mail        |       |       |    31 |       ||    31
       Steam dragon scal |       |       |   123 |    13 ||   136
Dodge: Dodged            |    44 |    56 |   200 |    58 ||   358
Block: Kite shield       |       |       |   197 |    47 ||   244
